Workbook

Sheet фин.план 1
E1: Додаток до рішення виконавчого комітету Південнівської міської ради від 29.09.2026 № 3120
A3: Фінансовий план підприємства на 2026 рік
A5: Підприємство | B5: Комунальне некомерційне підприємство «Південнівська міська лікарня» Південнівської міської ради | D5: Коди
D6: За ЄДРПОУ | F6: 34592230
A7: Орган управління | B7: Південнівська міська рада | D7: За СПОДУ
A8: Галузь | B8: Охорона здоров’я | D8: За ЗКНГ
A9: Вид економічної діяльності | B9: Діяльність лікарняних закладів | D9: За КВЕД | F9: 86.10
A10: Місцезнаходження | B10: вул. Хіміків, 1, м. Південне, Одеська область, індекс 65481
A11: Телефон | B11: (04842) 3-52-01
A12: Керівник | B12: ДЕНИСЕНКО Оксана Вадимівна
E16: одиниця виміру: тис. грн.
A17: 1 | B17: 2 | C17: 3 | D17: 4 | E17: 5 | F17: 6 | G17: 7
A18: Показники | B18: Код рядка | C18: Плановий рік, усього | D18: У тому числі за кварталами
D19: І | E19: ІІ | F19: ІІІ | G19: ІV
A20: 1 | B20: 2 | C20: 3 | D20: 4 | E20: 5 | F20: 6 | G20: 7
A21: І. Фінансові результати
A22: Дохід (виручка) від реалізації продукції (товарів, робіт, послуг) | B22: 010 | C22: =D22+E22+F22+G22 -> 109363.62 | D22: =D26 -> 22976.676 | E22: =E26 -> 27481.626 | F22: =F26 -> 32156.319 | G22: =G26 -> 26748.994
A23: Податок на додану вартість | B23: 020 | C23: 0 | D23: 0 | E23: 0 | F23: 0 | G23: 0
A24: Акцизний збір | B24: 030 | C24: 0 | D24: 0 | E24: 0 | F24: 0 | G24: 0
A25: Інші вирахування з доходу | B25: 040 | C25: 0 | D25: 0 | E25: 0 | F25: 0 | G25: 0
A26: Чистий дохід (виручка) від реалізації продукції (товарів, робіт, послуг) (сума рядків із 051 по 054 та 080 ), в т.ч.: | B26: 050 | C26: =D26+E26+F26+G26 -> 109363.62 | D26: =D27+D28+D29+D30+D41 -> 22976.676 | E26: =E27+E28+E29+E41+E30 -> 27481.626 | F26: =F27+F28+F29+F41+F30 -> 32156.319 | G26: =G27+G28+G29+G41+G30 -> 26748.994
A27: за рахунок субвенції з Державного бюджету | B27: 051 | C27: =SUM(D27:G27) -> 0 | E27: 0 | F27: 0 | G27: 0
A28: інші субвенції з місцевого бюджету | B28: 052 | C28: 0 | D28: 0 | E28: 0 | F28: 0 | G28: 0
A29: за рахунок місцевого бюджету | B29: 052 | C29: =SUM(D29:G29) -> 27970.136 | D29: ='обсяги витрат 1'!B27 -> 6192.007 | E29: ='обсяги витрат 1'!E27 -> 9765.622 | F29: ='обсяги витрат 1'!H27 -> 6268.085 | G29: ='обсяги витрат 1'!K27 -> 5744.422
A30: за договорами НСЗУ | B30: 053 | C30: =SUM(D30:G30) -> 70802.391 | D30: ='обсяги витрат 1'!C27 -> 14954.345 | E30: ='обсяги витрат 1'!F27 -> 15670.17 | F30: ='обсяги витрат 1'!I27 -> 23005.392 | G30: ='обсяги витрат 1'!L27 -> 17172.484
A31: Собівартість реалізованої продукції (товарів, робіт, послуг) | B31: 060 | C31: =SUM(D31:G31) -> 73445.189 | D31: =D33+D34+D35+D37+D36 -> 16939.426 | E31: =E33+E34+E35+E37+E36 -> 17991.311 | F31: =F33+F34+F35+F37+F36 -> 20958.582 | G31: =G33+G34+G35+G37+G36 -> 17555.87
A32: у тому числі за економічними елементами:
A33: матеріальні затрати | B33: 061 | C33: =SUM(D33:G33) -> 18829.97 | D33: =('обсяги витрат 1'!B12+'обсяги витрат 1'!C12)*80% -> 4463.154 | E33: =('обсяги витрат 1'!E12+'обсяги витрат 1'!F12)*80% -> 5246.588 | F33: =('обсяги витрат 1'!H12+'обсяги витрат 1'!I12)*80% -> 5184.063 | G33: =('обсяги витрат 1'!K12+'обсяги витрат 1'!L12)*80% -> 3936.165
A34: витрати на оплату праці | B34: 062 | C34: =SUM(D34:G34) -> 44402.132 | D34: =('обсяги витрат 1'!B10+'обсяги витрат 1'!C10)*80% -> 10136.609 | E34: =('обсяги витрат 1'!E10+'обсяги витрат 1'!F10)*80% -> 10355.79 | F34: =('обсяги витрат 1'!H10+'обсяги витрат 1'!I10)*80% -> 12835.916 | G34: =('обсяги витрат 1'!K10+'обсяги витрат 1'!L10)*80% -> 11073.817
A35: відрахування на соціальні заходи | B35: 063 | C35: =SUM(D35:G35) -> 9763.174 | D35: =('обсяги витрат 1'!B11+'обсяги витрат 1'!C11)*80% -> 2227.941 | E35: =('обсяги витрат 1'!E11+'обсяги витрат 1'!F11)*80% -> 2276.186 | F35: =('обсяги витрат 1'!H11+'обсяги витрат 1'!I11)*80% -> 2824.881 | G35: =('обсяги витрат 1'!K11+'обсяги витрат 1'!L11)*80% -> 2434.166
A36: амортизація | B36: 064 | C36: =SUM(D38:G38) -> 0 | D36: 0 | E36: 0 | F36: 0 | G36: 0
A37: інші операційні витрати | B37: 065 | C37: =SUM(D37:G37)+0.001 -> 449.914 | D37: ='обсяги витрат 1'!B18+'обсяги витрат 1'!C18 -> 111.722 | E37: ='обсяги витрат 1'!E18+'обсяги витрат 1'!F18 -> 112.747 | F37: ='обсяги витрат 1'!H18+'обсяги витрат 1'!I18 -> 113.722 | G37: ='обсяги витрат 1'!K18+'обсяги витрат 1'!L18 -> 111.722
A38: Валовий:
A39: прибуток | B39: 071 | C39: =D39+E39+F39+G39 -> 10591.088 | D39: =D41 -> 1830.324 | E39: =E41 -> 2045.834 | F39: =F41 -> 2882.842 | G39: =G41 -> 3832.088
A40: збиток | B40: 072
A41: Інші операційні доходи | B41: 080 | C41: =D41+E41+F41+G41 -> 10591.088 | D41: =SUM(D43:D47) -> 1830.324 | E41: =SUM(E43:E47) -> 2045.834 | F41: =SUM(F43:F47) -> 2882.842 | G41: =SUM(G43:G47) -> 3832.088
A42: у тому числі:
A43: дохід від операційної оренди активів | B43: 081 | C43: =D43+E43+F43+G43 -> 1007.268 | D43: 251.817 | E43: 251.817 | F43: 251.817 | G43: 251.817
A44: одержані гранти та субсидії | B44: 082 | C44: =D44+E44+F44+G44 -> 2700.468 | D44: 125.117 | E44: 125.117 | F44: =125.117 -> 125.117 | G44: =125.117+2200 -> 2325.117
A45: дохід від реалізації необоротних активів, утримуваних для продажу | B45: 083 | C45: 0 | D45: 0 | E45: 0 | F45: 0 | G45: 0
A46: дохід від платних послуг | B46: 084 | C46: =SUM(D46:G46) -> 6863.352 | D46: =1715.838-267.448 -> 1448.39 | E46: =1715.838-51.938 -> 1663.9 | F46: =1715.838+85.07+700 -> 2500.908 | G46: =1715.838+234.316-700 -> 1250.154
A47: благодійні внески, гранти та дарунки | B47: 085 | C47: =SUM(D47:G47) -> 20 | D47: 5 | E47: 5 | F47: 5 | G47: =5 -> 5
A48: Адміністративні витрати (сума рядків із 091 по 095) | B48: 090 | C48: =SUM(C50:C54) -> 18268.819 | D48: =SUM(D50:D54) -> 4211.926 | E48: =SUM(E50:E54) -> 4474.642 | F48: =SUM(F50:F54) -> 5216.215 | G48: =SUM(G50:G54) -> 4366.036
A49: у тому числі за економічними елементами:
A50: матеріальні затрати | B50: 091 | C50: =SUM(D50:G50) -> 4707.493 | D50: =('обсяги витрат 1'!B12+'обсяги витрат 1'!C12)*20% -> 1115.789 | E50: =('обсяги витрат 1'!E12+'обсяги витрат 1'!F12)*20% -> 1311.647 | F50: =('обсяги витрат 1'!H12+'обсяги витрат 1'!I12)*20% -> 1296.016 | G50: =('обсяги витрат 1'!K12+'обсяги витрат 1'!L12)*20% -> 984.041
A51: витрати на оплату праці | B51: 092 | C51: =SUM(D51:G51) -> 11100.533 | D51: =('обсяги витрат 1'!B10+'обсяги витрат 1'!C10)*20% -> 2534.152 | E51: =('обсяги витрат 1'!E10+'обсяги витрат 1'!F10)*20% -> 2588.948 | F51: =('обсяги витрат 1'!H10+'обсяги витрат 1'!I10)*20% -> 3208.979 | G51: =('обсяги витрат 1'!K10+'обсяги витрат 1'!L10)*20% -> 2768.454
A52: відрахування на соціальні заходи | B52: 093 | C52: =SUM(D52:G52) -> 2440.793 | D52: =('обсяги витрат 1'!B11+'обсяги витрат 1'!C11)*20% -> 556.985 | E52: =('обсяги витрат 1'!E11+'обсяги витрат 1'!F11)*20% -> 569.047 | F52: =('обсяги витрат 1'!H11+'обсяги витрат 1'!I11)*20% -> 706.22 | G52: =('обсяги витрат 1'!K11+'обсяги витрат 1'!L11)*20% -> 608.541
A53: амортизація | B53: 094 | C53: =SUM(D53:G53) -> 0 | D53: 0 | E53: 0 | F53: 0 | G53: 0
A54: інші операційні витрати | B54: 095 | C54: =SUM(D54:G54) -> 20 | D54: ='обсяги витрат 1'!D18 -> 5 | E54: ='обсяги витрат 1'!G18 -> 5 | F54: ='обсяги витрат 1'!J18 -> 5 | G54: ='обсяги витрат 1'!M18 -> 5
A55: Витрати на збут (сума рядків зі 101 по 105) | B55: 100 | C55: 0 | D55: 0 | E55: 0 | F55: 0 | G55: 0
A56: у тому числі за економічними елементами:
A57: матеріальні затрати | B57: 101 | C57: 0 | D57: 0 | E57: 0 | F57: 0 | G57: 0
A58: витрати на оплату праці | B58: 102 | C58: 0 | D58: 0 | E58: 0 | F58: 0 | G58: 0
A59: відрахування на соціальні заходи | B59: 103 | C59: 0 | D59: 0 | E59: 0 | F59: 0 | G59: 0
A60: амортизація | B60: 104 | C60: 0 | D60: 0 | E60: 0 | F60: 0 | G60: 0
A61: інші операційні витрати | B61: 105 | C61: 0 | D61: 0 | E61: 0 | F61: 0 | G61: 0
A62: Інші операційні витрати (сума рядків з 111 по 115) | B62: 110 | C62: =D62+E62+F62+G62 -> 7624.738 | D62: =D64+D65+D66+D67+D68 -> 1825.324 | E62: =E64+E65+E66+E67+E68 -> 2040.834 | F62: =F64+F65+F66+F67+F68 -> 2131.492 | G62: =G64+G65+G66+G67+G68 -> 1627.088
A63: у тому числі за економічними елементами:
A64: матеріальні затрати | B64: 111 | C64: =D64+E64+F64+G64 -> 4257.293 | D64: ='обсяги витрат 1'!D12 -> 1234.087 | E64: ='обсяги витрат 1'!G12 -> 1007.333 | F64: ='обсяги витрат 1'!J12 -> 1287.405 | G64: ='обсяги витрат 1'!M12 -> 728.468
A65: витрати на оплату праці | B65: 112 | C65: =D65+E65+F65+G65 -> 2761.382 | D65: ='обсяги витрат 1'!D10 -> 485.018 | E65: ='обсяги витрат 1'!G10 -> 847.827 | F65: ='обсяги витрат 1'!J10 -> 691.359 | G65: ='обсяги витрат 1'!M10 -> 737.178
A66: відрахування на соціальні заходи | B66: 113 | C66: =D66+E66+F66+G66 -> 606.063 | D66: ='обсяги витрат 1'!D11 -> 106.219 | E66: ='обсяги витрат 1'!G11 -> 185.674 | F66: ='обсяги витрат 1'!J11 -> 152.728 | G66: ='обсяги витрат 1'!M11 -> 161.442
A67: амортизація | B67: 114 | C67: =D67+E67+F67+G67 -> 0 | D67: 0 | E67: 0 | F67: 0 | G67: 0
A68: інші операційні витрати | B68: 115 | C68: =D68+E68+F68+G68 -> 0 | D68: 0 | E68: 0 | F68: 0 | G68: 0
A69: Фінансові результати від операційної діяльності:
A70: прибуток | B70: 121 | C70: 0 | D70: 0 | E70: 0 | F70: 0 | G70: 0
A71: збиток | B71: 122 | C71: 0 | D71: 0 | E71: 0 | F71: 0 | G71: 0
A72: Дохід від участі в капіталі | B72: 130 | C72: 0 | D72: 0 | E72: 0 | F72: 0 | G72: 0
A73: Інші фінансові доходи | B73: 140 | C73: 0 | D73: 0 | E73: 0 | F73: 0 | G73: 0
A74: Інші доходи | B74: 150 | C74: 0 | D74: 0 | E74: 0 | F74: 0 | G74: 0
A75: у тому числі:
A76: від реалізації фінансових інвестицій | B76: 152 | C76: 0 | D76: 0 | E76: 0 | F76: 0 | G76: 0
A77: від безплатно одержаних активів | B77: 154 | C77: 0 | D77: 0 | E77: 0 | F77: 0 | G77: 0
A78: Фінансові витрати | B78: 160 | C78: 0 | D78: 0 | E78: 0 | F78: 0 | G78: 0
A79: Витрати від участі в капіталі | B79: 170 | C79: 0 | D79: 0 | E79: 0 | F79: 0 | G79: 0
A80: Інші витрати | B80: 180 | C80: 0 | D80: 0 | E80: 0 | F80: 0 | G80: 0
A81: Фінансові результати від звичайної діяльності до оподаткування:
A82: прибуток | B82: 191 | C82: 0 | D82: 0 | E82: 0 | F82: 0 | G82: 0
A83: збиток | B83: 192 | C83: 0 | D83: 0 | E83: 0 | F83: 0 | G83: 0
A84: Податок на прибуток | B84: 200 | C84: 0 | D84: 0 | E84: 0 | F84: 0 | G84: 0
A85: Чистий:
A86: прибуток | B86: 211 | C86: 0 | D86: 0 | E86: 0 | F86: 0 | G86: 0
A87: збиток | B87: 212 | C87: 0 | D87: 0 | E87: 0 | F87: 0 | G87: 0
A88: Відрахування частини прибутку до бюджету | B88: 220 | C88: 0 | D88: 0 | E88: 0 | F88: 0 | G88: 0
A89: ІІ. Елементи операційних витрат (разом)
A90: Матеріальні затрати | B90: 310 | C90: =SUM(D90:G90) -> 27794.756 | D90: =D33+D50+D64 -> 6813.03 | E90: =E33+E50+E64 -> 7565.568 | F90: =F33+F50+F64 -> 7767.484 | G90: =G33+G50+G64 -> 5648.674
A91: Витрати на оплату праці | B91: 320 | C91: =SUM(D91:G91) -> 58264.047 | D91: =D34+D51+D65 -> 13155.779 | E91: =E34+E51+E65 -> 13792.565 | F91: =F34+F51+F65 -> 16736.254 | G91: =G34+G51+G65 -> 14579.449
A92: Відрахування на соціальні заходи | B92: 330 | C92: =SUM(D92:G92) -> 12810.03 | D92: =D35+D52+D66 -> 2891.145 | E92: =E35+E52+E66 -> 3030.907 | F92: =F35+F52+F66 -> 3683.829 | G92: =G35+G52+G66 -> 3204.149
A93: Амортизація | B93: 340 | C93: =SUM(D93:G93) -> 0 | D93: =D36+D53+D67 -> 0 | E93: =E36+E53+E67 -> 0 | F93: =F36+F53+F67 -> 0 | G93: =G36+G53+G67 -> 0
A94: Інші операційні витрати в т.ч. | B94: 350 | C94: =SUM(D94:G94) -> 10494.782 | D94: =D37+D54+D68+D109 -> 116.722 | E94: =E37+E54+E68+E109 -> 3092.586 | F94: =F37+F54+F68+F109 -> 3968.752 | G94: =G37+G54+G68+G109 -> 3316.722
A95: -Капітальний ремонт | B95: 350.1 | C95: =SUM(D95:G95) -> 2020.106 | D95: 0 | E95: 2020.106 | F95: 0 | G95: 0
A96: -Придбання обладнання | B96: 350.2 | C96: =SUM(D96:G96) -> 8004.763 | D96: 0 | E96: ='обсяги витрат 1'!E25 -> 954.733 | F96: 3850.03 | G96: 3200
A97: Разом (сума рядків із 310 по 350) | B97: 360 | C97: =SUM(C90:C94) -> 109363.62 | D97: =SUM(D90:D94) -> 22976.676 | E97: =SUM(E90:E94) -> 27481.626 | F97: =SUM(F90:F94) -> 32156.319 | G97: =SUM(G90:G94) -> 26748.994 | I97: =C97-C22 -> 0
A98: ІІІ. Капітальні інвестиції протягом року
A99: Капітальне будівництво | B99: 410 | C99: =SUM(D99:G99) -> 0 | D99: =D100 -> 0 | E99: =E100 -> 0 | F99: =F100 -> 0 | G99: =G100 -> 0
A100: у тому числі за рахунок бюджетних коштів | B100: 411 | C100: =SUM(D100:G100) -> 0 | D100: 0 | E100: 0 | F100: 0 | G100: 0
A101: Придбання (виготовлення) основних засобів та інших необоротних матеріальних активів | B101: 420 | C101: =D101+E101+F101+G101 -> 8004.763 | D101: ='обсяги витрат 1'!B24+'обсяги витрат 1'!C24+'обсяги витрат 1'!D24 -> 0 | E101: ='обсяги витрат 1'!E25+'обсяги витрат 1'!F24+'обсяги витрат 1'!G24 -> 954.733 | F101: ='обсяги витрат 1'!H24+'обсяги витрат 1'!I24+'обсяги витрат 1'!J24 -> 3850.03 | G101: ='обсяги витрат 1'!K25+'обсяги витрат 1'!L25+'обсяги витрат 1'!M25 -> 3200
A102: у тому числі за рахунок бюджетних коштів | B102: 421 | C102: =SUM(D102:G102) -> 954.733 | D102: 0 | E102: ='обсяги витрат 1'!E25 -> 954.733 | F102: 0 | G102: 0
A103: Придбання (створення) нематеріальних активів) | B103: 430 | C103: =SUM(D103:G103) -> 0 | D103: 0 | E103: 0 | F103: 0 | G103: 0
A104: у тому числі за рахунок бюджетних коштів | B104: 431 | C104: =SUM(D104:G104) -> 0 | D104: 0 | E104: 0 | F104: 0 | G104: 0
A105: Погашення отриманих на капітальні інвестиції позик | B105: 440 | C105: =SUM(D105:G105) -> 0 | D105: 0 | E105: 0 | F105: 0 | G105: 0
...

Sheet обсяги витрат 1
M1: Додаток1
A2: до пояснювальної записки
A3: Розрахункова таблиця до фінансового плану Комунального некомерційного підприємства «Південнівська міська лікарня» Південнівської міської ради на 2026 рік
B4: (тис.грн)
A5: Найменування | B5: 1 квартал | E5: 2 квартал | H5: 3 квартал | K5: 4 квартал | N5: ВСЬОГО | O5: ВСЬОГО
B6: Місцевий бюджет | C6: за договорами НСЗУ | D6: Інші операційні доходи | E6: Місцевий бюджет | F6: за договорами НСЗУ | G6: Інші операційні доходи | H6: Місцевий бюджет | I6: за договорами НСЗУ | J6: Інші операційні доходи | K6: Місцевий бюджет | L6: за договорами НСЗУ | M6: Інші операційні доходи
O7: МБ | P7: НСЗУ | Q7: власні
A8: 1 | B8: 2 | C8: 3 | D8: 4 | E8: 5 | F8: 6 | G8: 7 | H8: 8 | I8: 9 | J8: 10 | K8: 11 | L8: 12 | M8: 13 | N8: 14
A9: Оплата праці і нарахування | B9: =B10+B11 -> 3220.93 | C9: =C10+C11 -> 12234.757 | D9: =D10+D11 -> 591.237 | E9: =E10+E11 -> 3193.165 | F9: =F10+F11 -> 12596.806 | G9: =G10+G11 -> 1033.501 | H9: =H10+H11 -> 3220.93 | I9: =I10+I11 -> 16355.066 | ... M9: =M10+M11 -> 898.62 | N9: =SUM(B9:M9) -> 71074.077 | O9: =B9+E9+H9+K9 -> 12795.003 | P9: =C9+F9+I9+L9 -> 54911.629 | Q9: =D9+G9+J9+M9 -> 3367.445
A10: Заробітна плата | B10: =2592.272+50 -> 2642.272 | C10: 10028.489 | D10: =227.947+257.071 -> 485.018 | E10: =2592.272+27.215 -> 2619.487 | F10: 10325.251 | G10: 847.827 | H10: =2592.272+50 -> 2642.272 | I10: =11502.623+1900 -> 13402.623 | J10: =456.515+514.844-280 -> 691.359 | K10: 2592.271 | L10: =250+11000 -> 11250 | M10: =346.455+390.723 -> 737.178 | N10: =SUM(B10:M10) -> 58264.047 | O10: =B10+E10+H10+K10 -> 10496.302 | P10: =C10+F10+I10+L10 -> 45006.363 | Q10: =D10+G10+J10+M10 -> 2761.382
A11: Нарахування на оплату праці | B11: =B10*21.9% -> 578.658 | C11: =C10*22% -> 2206.268 | D11: =D10*21.9% -> 106.219 | E11: =E10*21.9%+0.01 -> 573.678 | F11: =F10*21.9%+10.325 -> 2271.555 | G11: =G10*21.9% -> 185.674 | H11: =H10*21.9% -> 578.658 | I11: =I10*22%+3.866 -> 2952.443 | J11: =J10*21.9%+1.32 -> 152.728 | K11: =K10*21.9% -> 567.707 | L11: =L10*22% -> 2475 | M11: =M10*21.9% -> 161.442 | N11: =SUM(B11:M11) -> 12810.03 | O11: =B11+E11+H11+K11 -> 2298.701 | P11: =C11+F11+I11+L11 -> 9905.266 | Q11: =D11+G11+J11+M11 -> 606.063
A12: Матеріальні затрати | B12: =B13+B14+B15+B16+B17 -> 2903.077 | C12: =C13+C14+C15+C16+C17 -> 2675.866 | D12: =D13+D14+D15+D16+D17 -> 1234.087 | E12: =E13+E14+E15+E16+E17 -> 3528.573 | F12: =F13+F14+F15+F16+F17 -> 3029.662 | G12: =G13+G14+G15+G16+G17 -> 1007.333 | H12: =H13+H14+H15+H16+H17 -> 2977.155 | I12: =I13+I14+I15+I16+I17 -> 3502.924 | ... M12: =M13+M14+M15+M16+M17 -> 728.468 | N12: =SUM(B12:M12) -> 27794.756 | O12: =B12+E12+H12+K12 -> 11925.249 | P12: =C12+F12+I12+L12 -> 11612.214 | Q12: =D12+G12+J12+M12 -> 4257.293
A13: Предмети, матеріали, обладнання та інвентар | B13: 300.001 | C13: 475.258 | D13: 105 | E13: =250+43.741 -> 293.741 | F13: 515.626 | G13: 53.65 | H13: =400.418-150 -> 250.418 | I13: =522.303+500+500+116.32 -> 1638.623 | J13: 80 | K13: 200 | L13: 465.77 | M13: 83.972 | N13: =SUM(B13:M13) -> 4462.059 | O13: =B13+E13+H13+K13 -> 1044.16 | P13: =C13+F13+I13+L13 -> 3095.277 | Q13: =D13+G13+J13+M13 -> 322.622
A14: Медикаменти та перев' язувальні матеріали | B14: 150 | C14: =2151.559-500-250 -> 1401.559 | D14: =11.517+1100.94-257.071-56.299 -> 799.087 | E14: 634.832 | F14: 1813.133 | G14: 512.219 | H14: =225-75 -> 150 | I14: =2484.136-1000-500-220 -> 764.136 | J14: =1060-514.844-112.751-400-110 -> -77.595 | K14: 116.454 | L14: =2437.992-1000 -> 1437.992 | M14: =1360-390.723-85.568-700 -> 183.709 | N14: =SUM(B14:M14) -> 7885.526 | O14: =B14+E14+H14+K14 -> 1051.286 | P14: =C14+F14+I14+L14 -> 5416.82 | Q14: =D14+G14+J14+M14 -> 1417.42
A15: Продукти харчування | B15: 753.076 | D15: 130 | E15: 800 | G15: 120.464 | H15: =1362.515-454.855 -> 907.66 | J15: 120 | K15: 500 | M15: 130 | N15: =SUM(B15:M15) -> 3461.2 | O15: =B15+E15+H15+K15 -> 2960.736 | P15: =C15+F15+I15+L15 -> 0 | Q15: =D15+G15+J15+M15 -> 500.464
A16: Оплата послуг (крім комунальних) | C16: 799.049 | D16: 100 | F16: 700.903 | G16: 221 | I16: =400.165+500+200 -> 1100.165 | J16: =215+400+100+350 -> 1065 | L16: 500 | M16: 230.787 | N16: =SUM(B16:M16) -> 4716.904 | O16: =B16+E16+H16+K16 -> 0 | P16: =C16+F16+I16+L16 -> 3100.117 | Q16: =D16+G16+J16+M16 -> 1616.787
A17: Оплата комунальних послуг та енергоносіїв | B17: 1700 | D17: 100 | E17: 1800 | G17: 100 | H17: =1932.112-263.035 -> 1669.077 | J17: 100 | K17: 1699.99 | M17: 100 | N17: =SUM(B17:M17) -> 7269.067 | O17: =B17+E17+H17+K17 -> 6869.067 | P17: =C17+F17+I17+L17 -> 0 | Q17: =D17+G17+J17+M17 -> 400
A18: Інші операційні витрати (соціальне забезпечення, інші поточні видатки) | B18: =B20+B19+B23 -> 68 | C18: =C20+C19 -> 43.722 | D18: =D20+D19+D21 -> 5 | E18: =E20+E19+E23 -> 69.045 | F18: =F20+F19+F23 -> 43.702 | G18: =G21 -> 5 | H18: =H20+H19 -> 70 | I18: =I20+I19 -> 43.722 | J18: =J21 -> 5 | K18: =K20+K19 -> 68 | L18: =L20+L19 -> 43.722 | M18: =M21 -> 5 | N18: =SUM(B18:M18) -> 469.913 | O18: =B18+E18+H18+K18 -> 275.045 | P18: =C18+F18+I18+L18 -> 174.868 | Q18: =D18+G18+J18+M18 -> 20
A19: Відрядження | B19: 0 | N19: =SUM(B19:M19) -> 0 | O19: =B19+E19+H19+K19 -> 0 | P19: =C19+F19+I19+L19 -> 0 | Q19: =D19+G19+J19+M19 -> 0
A20: Інші виплати населенню | B20: 68 | C20: 43.722 | D20: 0 | E20: 69.045 | F20: 43.702 | G20: 0 | H20: =H21+H22 -> 70 | I20: 43.722 | J20: 0 | K20: 68 | L20: 43.722 | M20: 0 | N20: =SUM(B20:M20) -> 449.913 | O20: =B20+E20+H20+K20 -> 275.045 | P20: =C20+F20+I20+L20 -> 174.868 | Q20: =D20+G20+J20+M20 -> 0
A21: Відрядження | D21: 5 | G21: 5 | J21: 5 | M21: 5 | N21: =SUM(B21:M21) -> 20 | Q21: =D21+G21+J21+M21 -> 20
A22: Послуги з зубопротезування пільгової категорії громадян.Пільова пенсія | B22: 68 | C22: 43.722 | E22: 69.045 | F22: 43.702 | H22: =127.1-57.1 -> 70 | I22: 43.722 | K22: 68 | L22: 43.722 | N22: =SUM(B22:M22) -> 449.913 | O22: =B22+E22+H22+K22 -> 275.045 | P22: =C22+F22+I22+L22 -> 174.868 | Q22: =D22+G22+J22+M22 -> 0
A23: Інші поточні видатки | N23: =SUM(B23:M23) -> 0 | O23: =B23+E23+H23+K23 -> 0 | P23: =C23+F23+I23+L23 -> 0 | Q23: =D23+G23+J23+M23 -> 0
A24: Капітальні інвестиції протягом року: | B24: =B26+B25 -> 0 | C24: =C25 -> 0 | D24: =D25 -> 0 | E24: =E25+E26 -> 2974.839 | F24: =F25 -> 0 | G24: =G25 -> 0 | H24: =H25 -> 0 | I24: =I25 -> 3103.68 | J24: =J25 -> 746.35 | K24: =K25 -> 0 | L24: =L25 -> 1000 | M24: =M25 -> 2200 | N24: =N25+N26 -> 10024.869 | O24: =B24+E24+H24+K24 -> 2974.839 | P24: =P25 -> 4103.68 | Q24: =D24+G24+J24+M24 -> 2946.35
A25: Придбання обладнання і предметів довгострокового користування | B25: 0 | C25: 0 | E25: 954.733 | G25: 0 | I25: =3000+103.68 -> 3103.68 | J25: =46.35+600+100 -> 746.35 | K25: 0 | L25: 1000 | M25: 2200 | N25: =SUM(B25:M25) -> 8004.763 | O25: =B25+E25+H25+K25 -> 954.733 | P25: =C25+F25+I25+L25 -> 4103.68 | Q25: =D25+G25+J25+M25 -> 2946.35
A26: Капітальний ремонт | E26: 2020.106 | N26: =SUM(B26:M26) -> 2020.106 | O26: =E26+B26+H26+K26 -> 2020.106 | P26: =C26+F26+I26+L26 -> 0
A27: Всього | B27: =B9+B12+B18+B24 -> 6192.007 | C27: =C9+C12+C18+C24 -> 14954.345 | D27: =D9+D12+D18+D24 -> 1830.324 | E27: =E9+E12+E18+E24 -> 9765.622 | F27: =F9+F12+F18+F24 -> 15670.17 | G27: =G9+G12+G18+G24 -> 2045.834 | H27: =H9+H12+H18+H24 -> 6268.085 | I27: =I9+I12+I18+I232+I24 -> 23005.392 | J27: =J9+J12+J18+J24 -> 2882.842 | K27: =K9+K12+K18+K24 -> 5744.422 | L27: =L9+L12+L18+L24 -> 17172.484 | M27: =M9+M12+M18+M24 -> 3832.088 | N27: =N9+N12+N18+N24 -> 109363.62 | O27: =O10+O11+O12+O22+O24 -> 27970.136 | P27: =P10+P11+P12+P22+P24 -> 70802.391 | Q27: =Q10+Q11+Q12+Q22+Q21+Q24 -> 10591.088
A29: Генеральний директор | C29: _____________ | E29: Оксана ДЕНИСЕНКО
